 Dungeon Crawl Stone Soup version 0.29-a0-371-g91724d5b39 (webtiles) character file.

Game seed: 10626169445310317002

55 spaghetti the Sneak (level 3, 0/19 HPs)
             Began as a Vine Stalker Delver on May 2, 2022.
             Slain by a sky beast (3 damage)
             ... on level 6 of the Dungeon.
             The game lasted 00:00:43 (323 turns).

spaghetti the Sneak (Vine Stalker Delver)            Turns: 323, Time: 00:00:43

Health: 0/19       AC:  3    Str: 20    XL:     3   Next: 93%
Magic:  0/4        EV: 11    Int: 10    God:
Gold:   13         SH:  0    Dex: 15    Spells: 2/2 levels left

rFire   . . .      SeeInvis .   i - +3 falchion "Cajuysmi" {venom, rC+ Str+6 Dex-2, long}
rCold   + . .      Faith    .   (no shield)
rNeg    . . .      Spirit   +   b - +0 leather armour
rPois   .          Reflect  .   (no helmet)
rElec   .          Harm     .   (no cloak)
rCorr   .          Rampage  .   (no gloves)
Will    .....                   (no boots)
Stlth   ++++......              (no amulet)
HPRegen 0.06/turn               (no ring)
MPRegen 0.09/turn               (no ring)

@: hasted, very quick
A: fangs 2, magic shield, antimagic bite, no potion heal 2
a: no special abilities


You were on level 6 of the Dungeon.
You visited 1 branch of the dungeon, and saw 2 of its levels.

You collected 13 gold pieces.


Innate Abilities, Weirdness & Mutations

You have extremely sharp teeth.
When hurt, damage is shared between your health and your magic reserves.
Your bite disrupts and absorbs the magic of your enemies.
Potions cannot restore your health.


   Skills:
 - Level 2.6 Fighting
 - Level 1.7 Short Blades
 - Level 1.5 Dodging
 + Level 7.7 Stealth


You had 2 spell levels left.
You didn't know any spells.
Your spell library contained the following spells:

 Spells                   Type           Power      Damage    Failure   Level
 Sublimation of Blood     Necr           0%         N/A       56%         2
 Petrify                  Tmut/Erth      0%         N/A       99%         4
 Irradiate                Conj/Tmut      0%         3d13      100%        5

Inventory:

Hand Weapons
 a - a +0 short sword {short}
 i - the +3 falchion "Cajuysmi" (weapon) {venom, rC+ Str+6 Dex-2, long}
   (You found it on level 5 of the Dungeon)

   It poisons the flesh of those it strikes.
   Str:       It affects your strength (+6).
   Dex:       It affects your dexterity (-2).
   rC:        It protects you from cold.
Armour
 b - a +0 leather armour (worn)
Wands
 g - a wand of digging (3)
Scrolls
 c - a scroll of fog
 d - a scroll of magic mapping {!r}
Potions
 h - 2 potions of curing {unknown}
 j - a potion of magic {unknown}

Dungeon Overview and Level Annotations

Branches:
Dungeon (6/15)
 Temple: D:4-7

Altars:

#.#...#.#.#
#.#...#.#.#
#.#Y..#.#.#
#.#####.#...# #.#
#.#.........# #.#
#.#.###.#.### #.#
#.#.#.#.#... #.#
#.#)..#.#.#####.##
#.###.#.#...Y@...#
#..<......)#######
#..........#
#..........#
#.##..######
####..... ##.####
..# ###


You could see a sky beast (very poisoned).


Message History

Found a book of Alchemy.
Found a stone staircase leading down.
You pick up a book of Alchemy and begin reading...
You add the spells Sublimation of Blood, Petrify and Irradiate to your library.
Found a stone staircase leading up.
You now have 7 gold pieces.
There is a stone staircase leading up here.
h - 2 coppery potions
Found a stone staircase leading up.
You now have 13 gold pieces (gained 6).
Found a stone staircase leading down.
i - the +3 falchion "Cajuysmi" {venom, rC+ Str+6 Dex-2, long} You feel stronger.
You feel clumsy.
The +3 falchion "Cajuysmi" {venom, rC+ Str+6 Dex-2, long} begins to drip with poison!
i - the +3 falchion "Cajuysmi" (weapon)
{venom, rC+ Str+6 Dex-2, long}
There is a stone staircase leading down here.
You climb downwards.
There is a stone staircase leading up here.
Unknown command.
Unknown command.
j - a purple potion
There is a stone staircase leading up here.
A hound comes into view.
A hound is nearby!
A hound is nearby!
The helpless hound fails to defend itself.
You slash the hound!
The hound is poisoned.
Your bite misses the hound.
You kill the hound!
Your Stealth skill increases to level 7!
You have reached level 2!
You have reached level 3!
Your experience leads to an increase in your attributes!
Your base attributes are Str 14, Int 10, Dex 15.
Increase (S)trength, (I)ntelligence, or (D)exterity?
You feel agile. x2 😎 HP[+8] MP[+2]
You now have 19 max hp (+8).
Your hp is fully restored (19).
Your mp is fully restored (4).
Things that are here:
a +0 club {mace}; a hound corpse An iguana comes into view.
An iguana is nearby!
An iguana is nearby!
The helpless iguana fails to defend itself.
You hit the iguana. You bite the iguana. You drain its power.
The iguana bites you! 😮 HP[-9] MP[-2]
You take 9 damage, and now have 10/19 hp.
MASSIVE DAMAGE!! (PAUSE)
You lost 2 mp, and now have 2/4 mp.
Unknown command.
You barely miss the iguana. Your bite misses the iguana.
The iguana barely misses you.
You slash the iguana!
The iguana is poisoned.
Your bite misses the iguana.
You kill the iguana!
You start resting.
A sky beast comes into view. 😮 HP[+1] MP[+1]
A sky beast is nearby! 😮 MP[+1]
Your mp is fully restored (4). 😮 HP[+1] Key pressed, stopping explore.
A sky beast is nearby! 😕 HP[+6]
You regained 6 hp, and now have 18/19 hp.
You start resting.
A sky beast is nearby!
The sky beast hits you but does no damage.
You closely miss the sky beast. Your bite misses the sky beast.
The sky beast hits you. The sky beast shocks you.
The sky beast hits you but does no damage. 😮 HP[-6] MP[-1]
You take 6 damage, and now have 12/19 hp.
MASSIVE DAMAGE!! (PAUSE)
You lost 1 mp, and now have 3/4 mp.
Unknown command.
You closely miss the sky beast. The sky beast hits you.
The sky beast shocks you.
* * * LOW HITPOINT WARNING * * *
😨 HP[-6] MP[-2]
You take 6 damage, and now have 6/19 hp.
MASSIVE DAMAGE!! (PAUSE)
You lost 2 mp, and now have 1/4 mp.
Unknown command.
You feel yourself speed up. The sky beast barely misses you.
As you read the scroll of fear, it crumbles to dust.
You assume a fearsome visage.
The sky beast looks frightened!
Unknown command.
Unknown command.
You slash the sky beast!
Your attack snaps the sky beast out of its fear.
You bite the sky beast. You drain its power.
You feel invigorated.
The sky beast hits you but does no damage. 😨 MP[+3]
Your mp is fully restored (4).
You slash the sky beast!
The sky beast is poisoned.
The sky beast hits you.
* * * LOW HITPOINT WARNING * * *
The sky beast shocks you.
You die...

Skill      XL: |  1 |
---------------+----+-----
Stealth        | 7 |  7.7
Fighting       | |  2.6
Short Blades   | |  1.7
Dodging        | |  1.5

Action                   || total
-------------------------++-------
Melee: Falchion          ||     8
       Bite              ||     2
  Use: Scroll            ||     1
       Potion            ||     1
 Stab: Sleeping          ||     2
Armor: Leather armour    ||     3
Dodge: Dodged            ||     2

Levels and vault maps discovered:
D:5:      layout_basic, nicolae_qazlal_style_of_elements,
          lemuel_temple_firewalk_b, minmay_ruined_shrine
D:6:      layout_basic, mainiacjoe_overflow_24_doors, uniq_menkaure

Notes
Turn   | Place    | Note
-------+----------+-------------------------------------------
     0 | D:5      | spaghetti the Vine Stalker Delver began the quest for the
                  | Orb.
     0 | D:5      | Reached XP level 1. HP: 11/11 MP: 2/2
     0 | D:5      | magus.rc [v1.9.6]
     7 | D:5      | You pick up a book of Alchemy and begin reading...
     7 | D:5      | You add the spells Sublimation of Blood, Petrify and
                  | Irradiate to your library.
   136 | D:5      | Identified the +3 falchion "Cajuysmi" {venom, rC+ Str+6
                  | Dex-2}
   154 | D:6      | Noticed a hound
   157 | D:6      | Killed a hound
   158 | D:6      | Reached skill level 7 in Stealth
   158 | D:6      | Reached XP level 2. HP: 16/16 MP: 3/3
   158 | D:6      | Reached XP level 3. HP: 19/19 MP: 4/4
   191 | D:6      | Noticed a sky beast
   323 | D:6      | HP: 3/19 [sky beast (3)]
   323 | D:6      | Slain by a sky beast

Vanquished Creatures
  A hound (D:6)
  An iguana (D:6)
2 creatures vanquished.

Table legend:
 A = Non-vault XP
 B = Vault XP
 C = Vault XP percentage of total XP
 D = Non-vault monster count
 E = Vault monster count
 F = Vault count percentage of total count
                 A         B        C        D         E       F
            +---------+---------+-------+---------+---------+-------
      Total |      79 |       0 |   0.0 |       2 |       0 |   0.0
            +---------+---------+-------+---------+---------+-------
        D:6 |      79 |       0 |   0.0 |       2 |       0 |   0.0
            +---------+---------+-------+---------+---------+-------

Illustrated notes

Table legend:
 A = Kills in this place as a percentage of kills in entire the game.
 B = Kills by you in this place as a percentage of kills by you in the entire game.
 C = Kills by friends in this place as a percentage of kills by friends in the entire game.
 D = Other kills in this place as a percentage of other kills in the entire game.
 E = Experience gained in this place as a percentage of experience gained in the entire game.
 F = Experience gained in this place divided by the number of levels of this place that you have seen.
                   A       B       C       D       E      F
               +-------+-------+-------+-------+-------+----------------------
         Total | 100.0 | 100.0 |   N/A |   N/A | 100.0 |  39.5
       Dungeon | 100.0 | 100.0 |   N/A |   N/A | 100.0 |  39.5
               +-------+-------+-------+-------+-------+----------------------

Table legend: (Time is in decaauts)
 A = Elapsed time spent in this place.
 B = Non-inter-level travel time spent in this place.
 C = Inter-level travel time spent in this place.
 D = Time resting spent in this place.
 E = Time spent auto-exploring this place.
 F = Levels seen in this place.
 G = Mean time per level.
                   A        B        C        D        E       F      G
               +--------+--------+--------+--------+--------+-----+--------+
         Total |    321 |    321 |      0 |     18 |    235 |   2 |  160.5 |
       Dungeon |    321 |    321 |      0 |     18 |    235 |   2 |  160.5 |
               +--------+--------+--------+--------+--------+-----+--------+

Top non-repeatable levels by time:
     D:6: 178 daAuts
     D:5: 143 daAuts
